 Dungeon Crawl Stone Soup version 0.17.1-3-g152610e (webtiles) character file.

379911 theElss the Shatterer (level 22, -21/153 HPs)
             Began as a Gargoyle Berserker on Feb 23, 2016.
             Was the Champion of Trog.
             Killed by the air
             ... invoked by a spriggan air mage
             ... led by the Enchantress
              (30 damage)
             ... on level 2 of the Depths on Feb 24, 2016.
             The game lasted 04:07:34 (57606 turns).

theElss the Shatterer (Gargoyle Berserker)         Turns: 57606, Time: 04:07:35

Health: -21/153    AC: 43    Str: 39      XL:     22   Next: 86%
Magic:  29/29      EV: 12    Int: 15 (17) God:    Trog [******]
Gold:   5169       SH:  0    Dex: 10      Spells: 0 memorised, 21 levels left

rFire  . . .     SeeInvis +     P - +7 mace of Tiro {elec, rN+ Int+5}
rCold  + . .     Clarity  .     e - +3 chain mail of Qyforgh {Str+6}
rNeg   + + +     SustAt   .     M - +2 large shield of the Dragon {Str+4 Int+3 Slay+3}
rPois  ∞         Gourm    .     C - +2 helmet {SInv}
rElec  +         Spirit   .     F - +0 cloak {MR+}
rCorr  .         Warding  .     B - +0 pair of gloves
rMut   .         NoTele   +     z - +0 pair of boots
MR     ++...                    j - amulet of regeneration
Stlth  ..........               O - ring of positive energy
                                f - +4 ring of evasion

@: confused, cannot translocate, flying, slowed, very slow, very resistant to
hostile enchantments, extremely unstealthy
A: big wings, rugged brown scales 1, cold resistance 1, negative energy
resistance 1, electricity resistance, unbreathing, petrification resistance, rot
immunity, AC +16
a: Stop Flying, Berserk, Trog's Hand, Brothers in Arms, Burn Spellbooks,
Renounce Religion
}: 2/15 runes: barnacled, gossamer


You were on level 2 of the Depths.
You worshipped Trog.
Trog was exalted by your worship.
You were not hungry.

You visited 8 branches of the dungeon, and saw 42 of its levels.
You also visited: Ice Cave.

You collected 5645 gold pieces.
You spent 476 gold pieces at shops.

Inventory:

Hand Weapons
 t - a +3 antimagic demon whip
 y - the +1 dagger of Crusades {pierce, Str+4 Dex+4, unknown}
   (Trog gifted it to you on level 4 of the Spider Nest)

   It inflicts extra damage upon your enemies.
   It affects your strength (+4).
   It affects your dexterity (+4).
 P - the +7 mace of Tiro (weapon) {elec, rN+ Int+5}
   (Trog gifted it to you on level 1 of the Vaults)

   Occasionally, upon striking a foe, it will discharge some electrical energy
   and cause terrible harm.
   It affects your intelligence (+5).
   It protects you from negative energy.
Armour
 e - the +3 chain mail of Qyforgh (worn) {Str+6}
   (You found it on level 6 of the Lair of Beasts)

   It affects your strength (+6).
 p - a +2 plate armour of poison resistance
 z - a +0 pair of boots (worn)
 B - a +0 pair of gloves (worn)
 C - a +2 helmet of see invisible (worn)
 F - a +0 cloak of magic resistance (worn)
 M - the +2 large shield of the Dragon (worn) {Str+4 Int+3 Slay+3}
   (You took it off a siren on level 2 of the Shoals)

   It affects your strength (+4).
   It affects your intelligence (+3).
   It affects your accuracy and damage with ranged weapons and melee attacks
   (+3).
Jewellery
 f - a +4 ring of evasion (left hand)
 j - an amulet of regeneration (around neck)
 u - an uncursed amulet of clarity
 N - an uncursed amulet of warding
 O - a ring of positive energy (right hand)
 R - an uncursed amulet of resist corrosion
Wands
 c - a wand of fire (8)
 h - a wand of frost (37)
 k - a wand of teleportation (4)
 n - a wand of cold (7)
 q - a wand of enslavement (3)
 s - a wand of teleportation (3)
 v - a wand of heal wounds (4)
 x - a wand of lightning (11)
 D - a wand of random effects (25)
 H - a wand of fire (9)
Scrolls
 g - 16 scrolls of remove curse
 i - 2 scrolls of fog
 m - 3 scrolls of identify
 o - 12 scrolls of teleportation
 w - 5 scrolls of fear
 A - 3 scrolls of magic mapping
 G - a scroll of silence
 I - a scroll of torment
 K - a scroll of enchant weapon
 T - a scroll of summoning
 V - 2 scrolls of blinking
Potions
 d - 6 potions of heal wounds
 l - 3 potions of invisibility
 r - 7 potions of haste
 E - 2 potions of resistance
 L - 9 potions of curing
 S - a potion of magic
 U - 2 potions of might
Comestibles
 a - 14 bread rations
 J - a beef jerky
 Q - 5 meat rations
 Y - 12 royal jellies


   Skills:
 - Level 19.0 Fighting
 + Level 24.5 Maces & Flails
 + Level 16.2 Armour
 - Level 1.5 Dodging
 - Level 17.0 Shields
 + Level 10.2 Evocations


You had 21 spell levels left.
You didn't know any spells.

Dungeon Overview and Level Annotations

Branches:
Dungeon (15/15)            Temple (1/1) D:6            Lair (8/8) D:8
 Shoals (4/4) Lair:5       Spider (4/4) Lair:3        Slime (0/6) Lair:6
    Orc (4/4) D:10            Elf (0/3) Orc:3        Vaults (4/5) D:13
  Crypt (0/3) Vaults:2     Depths (2/5) D:15

Altars:
Ashenzari
Cheibriados
Dithmenos
Elyvilon
Fedhas
Gozag
Kikubaaqudgha
Makhleb
Nemelex Xobeh
Okawaru
Qazlal
Ru
Sif Muna
Trog
Vehumet
Xom
Yredelemnul
Zin
The Shining One
Beogh

Shops:
D:8 [   D:10 (   Orc:2 *   Orc:3 *(   Orc:4 [([*=   Shoals:1 (   Vaults:1 !

Portals:
Hell: Depths:1
Trove: D:11 (give 13 potions of heal wounds)

Annotations:
Depths:2 the Enchantress


Innate Abilities, Weirdness & Mutations

You are resistant to torment.
Your stone body is resilient (AC +16).
You are immune to poison.
Your large and strong wings let you fly indefinitely.
You resist negative energy.
You are resistant to electric shocks.
You can survive without breathing.
You are immune to petrification.
You are immune to rotting.
You are partially covered in rugged brown scales (AC +1, +3% HP).
Your flesh is cold resistant.


Message History

The bolt of cold hits you! You resist.
* * * LOW HITPOINT WARNING * * *
The boggart shouts! x2
You finish eating.
That meat ration really hit the spot!
Unknown command.
Drink which item? (? for menu, Esc to quit)
You feel much better.
The Enchantress gestures at you while chanting.
You feel firmly anchored in space.
The spriggan air mage waves its arms in wide circles.
The air twists around and violently strikes you in flight!
* * * LOW HITPOINT WARNING * * *
The sphinx casts a spell.
You resist with almost no effort.
The white ugly thing bites you but does no damage.
The frost giant completely misses you.
The Enchantress hits you but does no damage.
The spriggan air mage waves its arms in wide circles.
The air twists around and violently strikes you in flight!
You die...

## ### .#####.##.#
## ..........# ..#
......#..# #...
##.......##..#
.#..........#
............# #
.......<....## .#
##.......##i@##..##.
.........##CHu^.....
.........##ii####...
......(...iiu#
...........uii#
............ii..
............gu..i.
.).......gg.u..u
............gii.


You could see a frost giant, the Enchantress, a white very ugly thing, a sphinx,
3 spriggan defenders, 3 ugly things, a spriggan rider, 3 spriggan air magi, a
spriggan and 3 boggarts.

Vanquished Creatures
  Nikola (Shoals:1)
  Xtahua (Vaults:2)
  Arachne (Spider:3)
  Jorgrun (Depths:1)
  Rupert (Spider:1)
  A tentacled monstrosity (Vaults:4)
  3 krakens
  Polyphemus (Shoals:4)
  A sphinx (Vaults:2)
  An ancient champion (Vaults:2)
  The ghost of MrTails the Severer, an adept DsBe of Trog (Shoals:3)
  Roxanne (Shoals:4)
  Ilsuiw (Shoals:4)
  6 fire giants
  Wiglaf (Spider:3)
  2 tengu reavers
  5 ghost moths (Spider:4)
  An orc warlord (Orc:4)
  14 vault wardens
  An iron dragon (shapeshifter) (Vaults:2)
  Aizul (Shoals:1)
  5 frost giants
  9 emperor scorpions
  13 ironheart preservers
  A war gargoyle (Vaults:4)
  13 stone giants
  5 very ugly things
  A vampire knight (Vaults:2)
  Nessos (Orc:4)
  Azrael (Spider:1)
  A salamander stormcaller (Vaults:2)
  A deep elf death mage (Vaults:3)
  6 ettins
  6 merfolk javelineers
  12 yaktaur captains
  15 vault guards
  Josephine (Orc:2)
  8 merfolk impalers
  3 jiangshi (Depths:2)
  8 fire dragons
  Erolcha (D:8)
  2 great orbs of eyes (Vaults:4)
  3 ice dragons
  7 entropy weavers
  A catoblepas (Shoals:4)
  2 merfolk aquamancers (Shoals:4)
  The ghost of Bubs the Nimble, a journeyman MfSk of Sif Muna (Lair:1)
  6 centaur warriors
  12 hydras
  An alligator snapping turtle (Shoals:1)
  A rakshasa (Vaults:1)
  Erica (D:10)
  7 death yaks
  A merfolk avatar (Shoals:4)
  2 tengu warriors
  A deep troll earth mage (Vaults:1)
  2 deep troll shamans (Vaults:1)
  8 ogre magi
  3 vampire magi
  3 satyrs
  Urug (Lair:4)
  2 orc high priests (Orc:4)
  The ghost of bollicks1999 the Blocker, a novice MiFi (D:6)
  2 fire crabs
  4 deep elf knights
  16 deep trolls
  2 shadow wraiths
  4 giant orange brains
  The ghost of WarriorsX the Slasher, a novice HuFi of Nemelex Xobeh (D:7)
  An unseen horror (shapeshifter) (D:14)
  A flayed ghost (Vaults:2)
  13 sea snakes
  An unseen horror (D:15)
  A lindwurm (Lair:7)
  2 harpies (shapeshifter)
  6 hill giants
  8 manticores
  An anubis guard (shapeshifter) (Vaults:1)
  17 harpies
  4 necromancers
  4 orc sorcerers
  3 phantasmal warriors
  2 deep elf conjurers
  9 cyclopes
  6 hornets
  13 orc knights
  12 fauns
  20 orb spiders
  28 wolf spiders
  16 griffons
  8 water nymphs
  A stone giant zombie (Depths:1)
  33 ugly things
  A wizard (D:13)
  18 ironbrand convokers
  12 sirens
  2 centaur zombies (D:14)
  A frost giant skeleton (Depths:1)
  Maurice (D:8)
  30 elephants
  15 spiny frogs
  2 octopodes (shapeshifter)
  A stone giant skeleton (Depths:1)
  An ice statue (IceCv)
  A torpor snail (Spider:2)
  Psyche (D:9)
  11 vault sentinels
  An eye of devastation (Vaults:2)
  9 black mambas
  A yaktaur zombie (Depths:1)
  2 fire drakes
  56 yaktaurs
  11 demonic crawlers
  6 deep elf priests
  4 red devils (D:14)
  2 tengu conjurers (D:15)
  6 freezing wraiths
  19 komodo dragons
  2 spriggan druids (Lair:8)
  An entropy weaver zombie (Depths:1)
  A queen bee (Spider:3)
  44 merfolk
  A raiju (shapeshifter) (Vaults:3)
  A troll (shapeshifter) (Depths:1)
  A two-headed ogre (shapeshifter) (Depths:1)
  12 trolls
  18 polar bears
  A wind drake (shapeshifter) (Depths:1)
  Grinder (D:5)
  8 boulder beetles
  24 jumping spiders
  3 wind drakes
  22 two-headed ogres
  9 blink frogs
  A trapdoor spider zombie (D:11)
  25 slime creatures
  A human simulacrum (Vaults:2)
  9 snapping turtles
  2 ettin zombies (Depths:1)
  15 trapdoor spiders
  10 spriggans
  5 wraiths
  Sigmund (D:5)
  6 deep elf magi
  52 redbacks
  4 deep elf fighters
  17 tarantellas
  A yak (shapeshifter) (Vaults:4)
  7 water elementals
  A wyvern (Lair:8)
  17 vampire mosquitoes
  86 yaks
  19 hippogriffs
  A spriggan skeleton (Depths:1)
  A centaur simulacrum (D:15)
  4 fire elementals (Spider:1)
  47 wolves
  A redback simulacrum (D:14)
  A small abomination (Vaults:3)
  A hippogriff (shapeshifter) (Depths:1)
  A steam dragon (Lair:6)
  7 basilisks
  A mottled dragon (Vaults:2)
  30 water moccasins
  2 soldier ants
  8 porcupines
  A tengu skeleton (Depths:1)
  2 sky beasts
  4 hell hounds
  5 wargs
  10 ice beasts
  51 orc warriors
  A human skeleton (Depths:1)
  5 black bears
  26 spiders
  31 ogres
  4 phantoms
  An ettin simulacrum (Vaults:3)
  A necrophage (D:10)
  An eye of draining (Vaults:2)
  5 wasps
  13 crocodiles
  20 centaurs
  A big kobold (D:9)
  15 giant frogs
  6 wights
  2 scorpions
  An electric eel (Lair:4)
  50 killer bees
  9 crimson imps
  2 giant frog zombies
  12 jellies
  3 hounds
  26 orc priests
  44 orc wizards
  2 centaur skeletons
  3 giant frog skeletons
  12 worker ants
  Natasha (twice) (D:3)
  14 iguanas
  2 hell rats (Lair:6)
  A killer bee zombie (D:6)
  31 sheep
  A hound zombie (D:9)
  2 worker ant zombies
  2 hound skeletons
  12 adders
  3 gnolls (D:11)
  48 river rats
  3 shadow imps
  2 oozes
  An adder skeleton (D:4)
  2 worms (D:2)
  9 giant geckos
  199 orcs
  11 bats
  A bat skeleton (D:2)
  8 giant cockroaches
  5 hobgoblins
  2 jackals (D:3)
  6 quokkas
  A ball python skeleton (D:4)
  A giant gecko skeleton (D:4)
  8 giant newts
  16 goblins
  A jackal skeleton (D:4)
  20 kobolds
  A quokka skeleton (D:4)
  2 quokka zombies
  6 rats
  A butterfly (Lair:3)
  4 fungi
  3 plants
  8 tentacles
  A tentacle segment (Shoals:1)
2020 creatures vanquished.

Vanquished Creatures (collateral kills)
  A yaktaur captain (Vaults:1)
  3 yaktaurs (Vaults:1)
4 creatures vanquished.

Vanquished Creatures (others)
  A tengu reaver (Depths:2)
  Louise (Shoals:1)
  A very ugly thing (Vaults:2)
  A vampire knight (Depths:1)
  An ogre mage (Vaults:2)
  An ugly thing (Vaults:2)
  A wizard (Vaults:2)
  A yaktaur (Vaults:2)
  2 vault sentinels (Vaults:2)
  A jumping spider (Spider:1)
  A two-headed ogre (Vaults:2)
  A merfolk (Shoals:1)
  A tarantella (Spider:1)
  2 redbacks (Spider:1)
  2 trapdoor spiders (Spider:4)
  A basilisk (D:14)
  A deep elf fighter (Vaults:2)
  A vampire mosquito (Vaults:3)
  3 spiders
  An orc warrior (Orc:4)
  3 ogres
  2 centaurs (Vaults:3)
  An orc wizard (D:5)
  A river rat (Lair:8)
  4 orcs
  70 fungi
  44 plants
  29 tentacles
  1317 tentacle segments
1496 creatures vanquished.

Grand Total: 3520 creatures vanquished

Notes
Turn   | Place    | Note
--------------------------------------------------------------
     0 | D:1      | theElss the Gargoyle Berserker began the quest for the Orb.
     0 | D:1      | Reached XP level 1. HP: 14/14 MP: 1/1
   207 | D:1      | Reached XP level 2. HP: 14/19 MP: 2/2
  1172 | D:1      | Reached skill level 4 in Maces & Flails
  1219 | D:2      | Reached XP level 3. HP: 23/23 MP: 3/3
  1292 | D:2      | Reached ** piety under Trog
  1331 | D:2      | Found a blossoming altar of Fedhas.
  1369 | D:2      | Found a bloodstained altar of Trog.
  1517 | D:2      | Found an ancient bone altar of Kikubaaqudgha.
  1657 | D:2      | Noticed a sky beast
  1664 | D:2      | Reached XP level 4. HP: 28/28 MP: 4/4
  1743 | D:2      | Killed a sky beast
  1743 | D:2      | Reached skill level 5 in Maces & Flails
  1743 | D:2      | Reached XP level 5. HP: 16/32 MP: 5/5
  2413 | D:3      | Found a deep blue altar of Sif Muna.
  2415 | D:3      | Found a glowing silver altar of Zin.
  2415 | D:3      | Found a shattered altar of Ashenzari.
  2536 | D:3      | Reached *** piety under Trog
  2716 | D:3      | Noticed Natasha
  2732 | D:3      | Killed Natasha
  2732 | D:3      | Reached skill level 6 in Maces & Flails
  2732 | D:3      | Reached XP level 6. HP: 21/37 MP: 6/6
  3109 | D:3      | Found a shadowy altar of Dithmenos.
  3321 | D:3      | Noticed Natasha
  3372 | D:3      | Killed Natasha
  3545 | D:4      | Reached skill level 7 in Maces & Flails
  3545 | D:4      | Reached XP level 7. HP: 41/41 MP: 7/7
  3583 | D:4      | Found a radiant altar of Vehumet.
  3981 | D:5      | Entered Level 5 of the Dungeon
  4047 | D:5      | Reached skill level 5 in Armour
  4127 | D:5      | Reached **** piety under Trog
  4129 | D:5      | Found a snail-covered altar of Cheibriados.
  4210 | D:5      | Noticed Grinder
  4215 | D:5      | Paralysed by Grinder for 6 turns
  4226 | D:5      | Killed Grinder
  4226 | D:5      | Reached skill level 8 in Maces & Flails
  4226 | D:5      | Reached XP level 8. HP: 46/46 MP: 8/8
  4292 | D:5      | Noticed Sigmund
  4301 | D:5      | Killed Sigmund
  4589 | D:6      | Found a staircase to the Ecumenical Temple.
  4603 | Temple   | Entered the Ecumenical Temple
  4750 | D:6      | Noticed bollicks1999's ghost (novice MiFi)
  4763 | D:6      | Reached skill level 9 in Maces & Flails
  4793 | D:6      | Killed bollicks1999's ghost
  4793 | D:6      | Reached XP level 9. HP: 50/51 MP: 9/9
  4816 | D:6      | Reached skill level 10 in Maces & Flails
  4913 | D:6      | Got a bloodstained long sword {freeze}
  5479 | D:7      | Noticed WarriorsX's ghost (novice HuFi)
  5499 | D:7      | Killed WarriorsX's ghost
  5499 | D:7      | Reached skill level 11 in Maces & Flails
  5997 | D:8      | Noticed Maurice
  6128 | D:8      | Reached ***** piety under Trog
  6213 | D:8      | Reached XP level 10. HP: 56/56 MP: 10/10
  6226 | D:8      | Noticed Erolcha
  6228 | D:8      | Found a staircase to the Lair.
  6233 | D:8      | Killed Erolcha
  6383 | D:8      | Found Zusiteu's Armour Shoppe.
  6391 | D:8      | Bought a +0 helmet for 49 gold pieces
  6450 | D:8      | Reached skill level 12 in Maces & Flails
  6564 | D:8      | Found a basalt altar of Yredelemnul.
  6616 | D:8      | Found an iron altar of Okawaru.
  6648 | D:8      | Killed Maurice
  6882 | D:8      | Reached skill level 10 in Armour
  6924 | D:8      | Received a gift from Trog
  7367 | D:9      | Noticed Psyche
  7377 | D:9      | Killed Psyche
  7431 | D:9      | Reached skill level 13 in Maces & Flails
  7547 | D:9      | Reached XP level 11. HP: 55/60 MP: 11/11
  8184 | D:10     | Entered Level 10 of the Dungeon
  8656 | D:10     | Noticed a hill giant
  8665 | D:10     | Killed a hill giant
  8806 | D:10     | Reached skill level 14 in Maces & Flails
  8910 | D:10     | Noticed Erica
  8917 | D:10     | Killed Erica
  9065 | D:10     | Received a gift from Trog
  9216 | D:10     | Found a staircase to the Orcish Mines.
  9306 | D:10     | Found Miputs's Weapon Shoppe.
  9565 | Lair:1   | Entered Level 1 of the Lair of Beasts
  9815 | Lair:1   | Identified the Collected Works on Transmutation
  9829 | Lair:1   | Noticed Bubs's ghost (journeyman MfSk)
  9949 | Lair:1   | Killed Bubs's ghost
  9949 | Lair:1   | Reached skill level 15 in Maces & Flails
  9949 | Lair:1   | Reached XP level 12. HP: 64/64 MP: 12/12
 10053 | Lair:1   | Reached skill level 1 in Shields
 10938 | Lair:1   | Reached skill level 5 in Fighting
 11797 | Lair:2   | Received a gift from Trog
 11914 | Lair:2   | Noticed an eight-headed hydra
 11922 | Lair:2   | Killed an eight-headed hydra
 12328 | Lair:2   | Noticed a four-headed hydra
 12336 | Lair:2   | Killed a four-headed hydra
 12706 | Lair:3   | Reached XP level 13. HP: 48/78 MP: 13/13
 13258 | Lair:3   | Found a hole to the Spider Nest.
 13875 | Lair:4   | Reached skill level 5 in Shields
 14315 | Lair:4   | Noticed Urug
 14326 | Lair:4   | Killed Urug
 14335 | Lair:4   | Reached skill level 16 in Maces & Flails
 14696 | Lair:5   | Received a gift from Trog
 14746 | Lair:5   | Found a staircase to the Shoals.
 14921 | Lair:5   | Got a transparent dagger
 15084 | Lair:5   | Received a gift from Trog
 15145 | Lair:5   | Reached skill level 10 in Fighting
 15301 | Lair:5   | Found a frozen archway.
 15371 | IceCv    | Entered an ice cave
 15859 | IceCv    | Gained mutation: Your large and strong wings let you fly indefinitely. [Gargoyle growth]
 15859 | IceCv    | Reached XP level 14. HP: 88/88 MP: 14/14
 16176 | IceCv    | Noticed a frost giant
 16204 | IceCv    | Killed a frost giant
 16215 | IceCv    | Received a gift from Trog
 16697 | Lair:5   | Reached skill level 17 in Maces & Flails
 17048 | Lair:6   | Found a staircase to the Slime Pits.
 17969 | Lair:6   | Got a brightly glowing chain mail
 17980 | Lair:6   | Identified the +3 chain mail of Qyforgh {Str+6} (You found it on level 6 of the Lair of Beasts)
 19560 | Lair:6   | Reached ****** piety under Trog
 20230 | Lair:7   | Received a gift from Trog
 20303 | Lair:8   | Entered Level 8 of the Lair of Beasts
 20350 | Lair:8   | Reached XP level 15. HP: 83/97 MP: 15/15
 21511 | Lair:8   | Reached skill level 18 in Maces & Flails
 22728 | D:11     | Found a blossoming altar of Fedhas.
 22774 | D:11     | Reached skill level 1 in Evocations
 23122 | D:11     | Found a portal to a secret trove of treasure.
 23290 | D:12     | Received a gift from Trog
 24374 | D:13     | Reached skill level 10 in Shields
 24528 | D:13     | Found a gate to the Vaults.
 25285 | D:14     | Found an iron altar of Okawaru.
 25409 | D:14     | Reached XP level 16. HP: 49/105 MP: 19/19
 26316 | D:14     | Got a steaming scale mail
 26329 | D:14     | Reached skill level 5 in Evocations
 26863 | D:14     | Got a translucent hat
 26874 | D:14     | Identified the +0 hat of the Dozen Realms {rElec rC+ Str-2 Dex-2} (You found it on level 14 of the Dungeon)
 27207 | D:14     | Identified the +1 scale mail "Wiump" {+Fly rPois} (You took it off an orc warrior on level 14 of the Dungeon)
 27757 | D:15     | Entered Level 15 of the Dungeon
 27771 | D:15     | Received a gift from Trog
 28216 | D:15     | Found a staircase to the Depths.
 28540 | D:15     | Identified the Compendium of Floating Shape Shifting
 28972 | Orc:1    | Entered Level 1 of the Orcish Mines
 29208 | Orc:2    | Found Veabomur's General Store.
 29211 | Orc:2    | Bought a potion of heal wounds for 70 gold pieces
 29211 | Orc:2    | Bought a scroll of fear for 49 gold pieces
 29458 | Orc:3    | Found Sigru's Weapon Shop.
 29458 | Orc:3    | Found a staircase to the Elven Halls.
 29471 | Orc:3    | Received a gift from Trog
 29712 | Orc:4    | Entered Level 4 of the Orcish Mines
 30257 | Orc:3    | Found Mapseq's General Store.
 30284 | Orc:3    | Bought a scroll of identify for 34 gold pieces
 30505 | Orc:2    | Received a gift from Trog
 30542 | Orc:2    | Noticed Josephine
 30560 | Orc:2    | Killed Josephine
 30985 | Orc:4    | Found Okiof's Jewellery Shop.
 31083 | Orc:4    | Noticed Nessos
 31093 | Orc:4    | Killed Nessos
 31349 | Orc:4    | Found Leminlea's General Store.
 31367 | Orc:4    | Gained mutation: You are partially covered in rugged brown scales (AC +1, +3% HP). [a neqoxec]
 31368 | Orc:4    | Gained mutation: Your flesh is cold resistant. [a neqoxec]
 31370 | Orc:4    | Paralysed by an orc sorcerer for 4 turns
 31377 | Orc:3    | Paralysed by an orc sorcerer for 3 turns
 31622 | Orc:4    | Bought a +0 pair of boots for 58 gold pieces
 31867 | Orc:4    | Found Oroliock's Antique Armour Shop.
 31909 | Orc:4    | Bought a glowing cloak for 121 gold pieces
 31942 | Orc:4    | Found Liolaipp's Armour Shoppe.
 31956 | Orc:4    | Received a gift from Trog
 32030 | Orc:4    | Found Owna's Antique Weapon Boutique.
 32048 | Orc:4    | Found a roughly hewn altar of Beogh.
 32601 | Shoals:1 | Entered Level 1 of the Shoals
 32892 | Shoals:1 | Noticed Louise
 32900 | Shoals:1 | Noticed Nikola
 32901 | Shoals:1 | Killed Louise
 32906 | Shoals:1 | Noticed Aizul
 32916 | Shoals:1 | Killed Nikola
 32916 | Shoals:1 | Reached XP level 17. HP: 104/113 MP: 15/23
 32923 | Shoals:1 | Killed Aizul
 33282 | Shoals:1 | Found Voameno's Weapon Emporium.
 33832 | Shoals:1 | Received a gift from Trog
 34908 | Shoals:2 | Got a translucent large shield
 34919 | Shoals:2 | Identified the +2 large shield of the Dragon {Str+4 Int+3 Slay+3} (You took it off a siren on level 2 of the Shoals)
 34971 | Shoals:2 | Reached skill level 15 in Shields
 35380 | Shoals:2 | Received a gift from Trog
 36116 | Shoals:3 | Noticed MrTails's ghost (adept DsBe)
 36171 | Shoals:3 | Killed MrTails's ghost
 37534 | Shoals:4 | Entered Level 4 of the Shoals
 37859 | Shoals:4 | Reached XP level 18. HP: 107/119 MP: 8/25
 38005 | Shoals:4 | Received a gift from Trog
 38105 | Shoals:4 | Noticed Roxanne
 38105 | Shoals:4 | Noticed Polyphemus
 38200 | Shoals:4 | Killed Polyphemus
 38708 | Shoals:4 | Noticed Ilsuiw
 38754 | Shoals:4 | Killed Ilsuiw
 38920 | Shoals:4 | Reached skill level 10 in Evocations
 39614 | Shoals:4 | Received a gift from Trog
 39747 | Shoals:4 | Killed Roxanne
 39786 | Shoals:4 | Got a barnacled rune of Zot
 40039 | Spider:1 | Entered Level 1 of the Spider Nest
 40509 | Spider:1 | Got a crude ruby amulet
 40560 | Spider:1 | Noticed Rupert
 40562 | Spider:1 | Paralysed by Rupert for 3 turns
 40585 | Spider:1 | Killed Rupert
 40585 | Spider:1 | Reached skill level 19 in Maces & Flails
 40673 | Spider:1 | Noticed Azrael
 40685 | Spider:1 | Killed Azrael
 41290 | Spider:2 | Received a gift from Trog
 41874 | Spider:2 | Reached XP level 19. HP: 126/126 MP: 8/26
 42375 | Spider:3 | Reached skill level 15 in Fighting
 42784 | Spider:3 | Received a gift from Trog
 42959 | Spider:3 | Noticed Wiglaf
 43004 | Spider:3 | Killed Wiglaf
 43063 | Spider:3 | Identified the amulet of Noagori {Stasis rN+ Stlth+} (You found it on level 1 of the Spider Nest)
 43187 | Spider:3 | Received a gift from Trog
 43364 | Spider:3 | Noticed Arachne
 43427 | Spider:3 | Killed Arachne
 44190 | Spider:4 | Entered Level 4 of the Spider Nest
 44256 | Spider:4 | Reached skill level 20 in Maces & Flails
 44644 | Spider:4 | Received a gift from Trog
 44647 | Spider:4 | Got a fine dagger {god gift}
 46099 | Spider:4 | Got a gossamer rune of Zot
 46524 | Vaults:1 | Entered Level 1 of the Vaults
 47301 | Vaults:1 | Reached XP level 20. HP: 128/135 MP: 9/27
 47458 | Vaults:1 | Received a gift from Trog
 47816 | Vaults:1 | Reached skill level 21 in Maces & Flails
 48199 | Vaults:1 | Received a gift from Trog
 48208 | Vaults:1 | Got an encrusted mace {god gift}
 48212 | Vaults:1 | Identified the +7 mace of Tiro {elec, rN+ Int+5} (Trog gifted it to you on level 1 of the Vaults)
 48473 | Vaults:1 | Found Lunuylos's Distillery.
 48481 | Vaults:1 | Bought a potion of berserk rage for 95 gold pieces
 48998 | Vaults:2 | Noticed Xtahua
 49166 | Vaults:1 | Reached skill level 15 in Armour
 49268 | Vaults:2 | Killed Xtahua
 49661 | Vaults:2 | Identified the Disquisition on Hurtful Displacement
 49801 | Vaults:2 | Received a gift from Trog
 49976 | Vaults:2 | Reached skill level 22 in Maces & Flails
 50001 | Vaults:2 | Reached XP level 21. HP: 107/144 MP: 28/28
 50566 | Vaults:2 | Found a staircase to the Crypt.
 51106 | Vaults:2 | Noticed a caustic shrike
 51156 | Vaults:2 | Noticed a caustic shrike
 51156 | Vaults:2 | an iron dragon changed into a caustic shrike
 51159 | Vaults:2 | a caustic shrike changed into an iron dragon
 52372 | Vaults:3 | Received a gift from Trog
 52944 | Vaults:3 | Received a gift from Trog
 53612 | Vaults:3 | Reached skill level 23 in Maces & Flails
 54131 | Vaults:4 | Received a gift from Trog
 54257 | Vaults:4 | Reached XP level 22. HP: 123/152 MP: 29/29
 55030 | Vaults:4 | Received a gift from Trog
 55980 | Depths:1 | Entered Level 1 of the Depths
 56149 | Depths:1 | Reached skill level 24 in Maces & Flails
 56338 | Depths:1 | Noticed Jorgrun
 56349 | Depths:1 | Killed Jorgrun
 56744 | Depths:1 | Found a gateway to Hell.
 57015 | Depths:1 | Found a snail-covered altar of Cheibriados.
 57445 | Depths:2 | Received a gift from Trog
 57596 | Depths:2 | Noticed the Enchantress
 57606 | Depths:2 | Killed from afar by a spriggan air mage

Action                   |  1- 3 |  4- 6 |  7- 9 | 10-12 | 13-15 | 16-18 | 19-21 | 22-24 || total
-------------------------+-------+-------+-------+-------+-------+-------+-------+-------++-------
Melee: Mace              |   107 |   202 |       |       |       |       |  1260 |   616 ||  2185
       Whip              |       |    44 |   343 |       |   168 |       |       |       ||   555
       Dire flail        |       |       |   105 |   989 |  1055 |       |       |       ||  2149
       Great mace        |       |       |       |       |   562 |   898 |       |       ||  1460
       Demon whip        |       |       |       |       |       |  1746 |  1511 |       ||  3257
Invok: Berserk           |       |     4 |     6 |     8 |     6 |     6 |     5 |     1 ||    36
       Trog's Hand       |       |       |       |     2 |     2 |       |     2 |     1 ||     7
       Brothers in Arms  |       |       |       |       |     1 |       |     2 |       ||     3
 Abil: Fly               |       |       |       |       |     1 |       |       |       ||     1
  Use: Scroll            |       |     1 |     6 |     5 |     6 |     8 |    11 |     2 ||    39
       Potion            |       |       |       |       |       |       |     3 |     1 ||     4
  Eat: Chunk             |     3 |     7 |    15 |    30 |    46 |    59 |    51 |    14 ||   225
       Beef jerky        |       |     1 |     1 |       |     1 |     1 |       |       ||     4
       Royal jelly       |       |       |       |       |       |     1 |     2 |       ||     3
       Meat ration       |       |       |       |       |       |     1 |       |     1 ||     2
